 Dungeon Crawl Stone Soup version 0.19-a0-599-g723c685 (webtiles) character file.

3227 Magifyre the Destroyer (level 9, -15/45 HPs)
             Began as a Deep Elf Fire Elementalist on June 11, 2016.
             Demolished by Erolcha
             ... wielding a +0 giant spiked club
              (17 damage)
             ... on level 7 of the Dungeon.
             The game lasted 01:05:58 (11710 turns).

Magifyre the Destroyer (DEFE)                      Turns: 11710, Time: 01:05:59

Health: -15/45     AC: 10    Str:  5    XL:     9   Next: 66%
Magic:  14/23      EV: 13    Int: 24    God:
Gold:   329        SH:  2    Dex: 15    Spells: 7 memorised, 7 levels left

rFire  . . .     SeeInvis .     D - +0 glaive (protect)
rCold  . . .     Gourm    .     y - +1 robe {MR+}
rNeg   . . .     Faith    .     (shield currently unavailable)
rPois  .         Spirit   .     (no helmet)
rElec  .         Dismiss  .     (no cloak)
rCorr  .         Reflect  +     z - +0 pair of gloves
SustAt .         Harm     .     x - +0 pair of boots
MR     +....                    a - +2 amulet of reflection
Stlth  ++........               (no ring)
                                (no ring)

@: about to teleport, somewhat resistant to hostile enchantments, unstealthy
A: no striking features
a: no special abilities


You were on level 7 of the Dungeon.
You were very hungry.

You visited 2 branches of the dungeon, and saw 9 of its levels.

You collected 329 gold pieces.

Inventory:

Hand Weapons
 D - a +0 glaive of protection (weapon)
Armour
 x - a +0 pair of boots (worn)
 y - a +1 robe of magic resistance (worn)
 z - a +0 pair of gloves (worn)
Jewellery
 a - a +2 amulet of reflection (around neck)
Wands
 o - a wand of confusion (25/48)
 u - a wand of flame (47/48)
Scrolls
 d - 2 scrolls of recharging
 e - 2 scrolls of teleportation
 g - 8 scrolls of fog
 j - 10 scrolls of remove curse
 w - a scroll of enchant weapon {unknown}
 B - a scroll of immolation {unknown}
Potions
 f - a potion of invisibility {unknown}
 h - a potion of ambrosia {unknown}
 m - 2 potions of magic
 n - a potion of cure mutation {unknown}
 p - 2 potions of curing
 s - 2 potions of cancellation {unknown}
 t - 2 potions of resistance
 v - a potion of might {unknown}
Books
 b - a book of Flames

   Spells                             Type                      Level
   a - Flame Tongue                   Conjuration/Fire             1
   b - Throw Flame                    Conjuration/Fire             2
   c - Conjure Flame                  Conjuration/Fire             3
   d - Inner Flame                    Hexes/Fire                   3
   e - Sticky Flame                   Conjuration/Fire             4
   f - Fireball                       Conjuration/Fire             5
 k - a book of Transfigurations

   Spells                             Type                      Level
   a - Irradiate                      Conjuration/Transmutation    5
   b - Statue Form                    Transmutation/Earth          6
   c - Hydra Form                     Transmutation                6
   d - Dragon Form                    Transmutation                7
 l - a book of Minor Magic

   Spells                             Type                      Level
   a - Magic Dart                     Conjuration                  1
   b - Blink                          Translocation                2
   c - Call Imp                       Summoning                    2
   d - Repel Missiles                 Charms/Air                   2
   e - Slow                           Hexes                        2
   f - Conjure Flame                  Conjuration/Fire             3
   g - Mephitic Cloud                 Conjuration/Poison/Air       3
Comestibles
 c - 3 bread rations
 i - 2 slices of pizza
 q - 9 fruits
 r - 3 meat rations


   Skills:
 - Level 2.4 Dodging
 - Level 2.4 Stealth
 + Level 8.6 Spellcasting
 * Level 10.0 Conjurations
 * Level 9.5 Fire Magic


You had 7 spell levels left.
You knew the following spells:

 Your Spells              Type           Power        Failure   Level  Hunger
a - Flame Tongue          Conj/Fire      #####        1%          1    None
b - Throw Flame           Conj/Fire      ######       1%          2    None
c - Conjure Flame         Conj/Fire      ######..     1%          3    None
d - Sticky Flame          Conj/Fire      ######..     1%          4    ##.....
e - Magic Dart            Conj           ####         1%          1    None
f - Fireball              Conj/Fire      ######....   3%          5    ####...
g - Blink                 Tloc           N/A          12%         2    None


Dungeon Overview and Level Annotations

Branches:
Dungeon (8/15)             Temple (1/1) D:7
   Lair: D:8-11

Altars:
Ashenzari
Cheibriados
Elyvilon
Gozag
Hepliaklqana
Makhleb
Nemelex Xobeh
Okawaru
Pakellas
Qazlal
Sif Muna
Uskayaw
Xom
Yredelemnul
The Shining One

Annotations:
D:3 wearedevo's ghost, amateur NaWr
D:4 Pikel
D:7 Erolcha
D:8 Erica; Gastronok; edsrzf's ghost, novice FeTm


Message History

Erolcha casts a spell.
Erolcha flickers and vanishes!
Deactivating autopickup; reactivate with Ctrl-A.
Unknown command.
Attack whom?
Press: ? - help, Dir - move target cursor You reach to attack!
You hit something. Something hits you.
A hound comes into view.
The hound barks!
Something hits you.
You climb upwards.
There is a stone staircase leading down here.
No target in view!
You start resting.
Something hits you!
As you read the scroll of teleportation, it crumbles to dust.
You feel strangely unstable. Something hits you!!
* * * LOW HITPOINT WARNING * * *
You hit something. Something hits you!
You die...

.................#
#...# #
......######..##.#
#...# ###
###.#.######...#.#
#...# #####..
...............#.#
#...# #......
###.#.######.#...#
#...# #......
.................#
#...# #......
...........#.##..#
##### #####..
###.#.####.#.##..#
####..
................@#
#.....
......####.#.#####
####.. ###.#.# #.#.#
#.. # #.#.# #.#.#
##. #
#.#.####.#.#######
#. #
#.#..............#
#.
###.#.####.#.#######
#. ....#.# #.#.# #.
#####.####.#.# #.


There were no monsters in sight!

Vanquished Creatures
  Prince Ribbit (D:7)
  Menkaure (D:4)
  Duvessa (D:7)
  A water moccasin (D:5)
  A black bear (D:7)
  2 orc warriors (D:6)
  2 ice beasts (D:7)
  A sky beast (D:8)
  A centaur (D:7)
  3 ogres
  4 giant frogs
  Dowan (D:7)
  2 scorpions
  6 killer bees (D:7)
  A howler monkey (D:4)
  3 crimson imps
  A centaur zombie (D:7)
  4 hounds
  A quasit (D:7)
  5 orc priests
  A jelly (D:7)
  2 centaur skeletons
  A giant frog skeleton (D:6)
  5 orc wizards
  2 iguanas
  3 worker ants
  A hound zombie (D:8)
  A hound skeleton (D:4)
  A worker ant zombie (D:5)
  5 gnolls
  8 adders
  A shadow imp (D:6)
  2 oozes (D:5)
  2 adder skeletons
  3 worms
  4 dart slugs
  7 giant geckos
  17 orcs
  4 ball pythons
  6 giant cockroaches
  6 goblins
  6 hobgoblins
  14 jackals
  7 kobolds
  2 quokkas
  4 bats
  A giant gecko skeleton (D:4)
  11 rats
169 creatures vanquished.

Notes
Turn   | Place    | Note
--------------------------------------------------------------
     0 | D:1      | Magifyre the Deep Elf Fire Elementalist began the quest for the Orb.
     0 | D:1      | Reached XP level 1. HP: 10/10 MP: 6/6
   181 | D:1      | Reached skill level 2 in Conjurations
   181 | D:1      | Reached XP level 2. HP: 6/15 MP: 3/8
   561 | D:1      | Reached XP level 3. HP: 19/19 MP: 2/10
   565 | D:1      | Learned a level 2 spell: Throw Flame
   652 | D:1      | Learned a level 3 spell: Conjure Flame
   999 | D:2      | Found a white marble altar of Elyvilon.
  1830 | D:2      | Reached skill level 3 in Conjurations
  2096 | D:2      | Reached XP level 4. HP: 24/24 MP: 8/12
  2155 | D:2      | Learned a level 4 spell: Sticky Flame
  2259 | D:3      | Found an oddly glowing altar of Pakellas.
  2346 | D:3      | Noticed wearedevo's ghost (amateur NaWr)
  2371 | D:3      | Learned a level 1 spell: Magic Dart
  2971 | D:3      | Found an opulent altar of Gozag.
  3376 | D:4      | HP: 1/24 [gnoll/spear (8)]
  3717 | D:4      | Reached XP level 5. HP: 28/28 MP: 2/13
  3835 | D:4      | Reached skill level 4 in Conjurations
  4282 | D:4      | Noticed Menkaure
  4577 | D:4      | Noticed Pikel
  4577 | D:4      | Noticed a slave
  4577 | D:4      | Noticed a slave
  4577 | D:4      | Noticed a slave
  4663 | D:4      | Noticed a slave
  4702 | D:4      | Noticed an ogre
  4795 | D:4      | Killed an ogre
  4795 | D:4      | Reached skill level 5 in Spellcasting
  4795 | D:4      | Reached XP level 6. HP: 32/32 MP: 5/15
  4950 | D:4      | Reached skill level 5 in Conjurations
  5188 | D:4      | Killed Menkaure
  5188 | D:4      | Reached skill level 5 in Fire Magic
  5193 | D:4      | Found a snail-covered altar of Cheibriados.
  5259 | D:4      | Reached XP level 7. HP: 36/36 MP: 9/17
  5427 | D:4      | Reached skill level 6 in Conjurations
  5495 | D:5      | Entered Level 5 of the Dungeon
  6361 | D:5      | Reached XP level 8. HP: 41/41 MP: 14/19
  6420 | D:5      | Reached skill level 7 in Conjurations
  6704 | D:6      | Found a deep blue altar of Sif Muna.
  6885 | D:6      | Found a hide-covered altar of Uskayaw.
  7414 | D:6      | HP: 2/41 [giant frog (6)]
  8174 | D:6      | Reached skill level 8 in Conjurations
  8510 | D:7      | Found a stormy altar of Qazlal.
  8701 | D:7      | Noticed Duvessa
  8703 | D:7      | Noticed Dowan
  8711 | D:7      | Killed Duvessa
  8716 | D:7      | Killed Dowan
  8817 | D:7      | Learned a level 5 spell: Fireball
  8820 | D:7      | Learned a level 2 spell: Blink
  8903 | D:7      | Reached XP level 9. HP: 45/45 MP: 12/22
  9168 | D:7      | Reached skill level 9 in Conjurations
  9555 | D:7      | Found a staircase to the Ecumenical Temple.
  9560 | Temple   | Entered the Ecumenical Temple
 10866 | D:8      | Found an iron altar of Okawaru.
 10871 | D:8      | Noticed Gastronok
 10874 | D:8      | Noticed Prince Ribbit
 10956 | D:7      | Killed Prince Ribbit
 11109 | D:8      | Noticed Erica
 11198 | D:8      | Noticed edsrzf's ghost (novice FeTm)
 11685 | D:8      | Reached skill level 10 in Conjurations
 11696 | D:8      | Noticed Erolcha
 11709 | D:7      | HP: 1/45 [something (22)]
 11710 | D:7      | Demolished by Erolcha

Vault maps used:
D:1:      eino_arrival_cavern_e, hex_intersection, wad_floor_pattern_2,
          glass_columns_c, minmay_shallow_snake_nest
D:2:      elyvilon_altar_5, minmay_rat_gold_closets
D:3:      nicolae_gozag_seed_capital, first_bread, minivault_25,
          johnstein_pakellas_death_squad
D:4:      lemuel_crystal_altar, uniq_pikel, uniq_menkaure
D:6:      lemuel_blue_sif_altar, lightli_sewer_entry_pipes, basic_altar
D:7:      lemuel_crystal_altar, minmay_temple_entry_glassed_door, uniq_duvessa
D:8:      gammafunk_temple_overflow_pools, serial_co_window_serial,
          co_window_corner_a, co_window_of_opportunity_a, co_window_paths_b,
          co_window_paths_b, co_window_paths_a, co_window_unsneaky_path_c,
          co_window_corner_b, co_window_2corner, co_window_paths_c,
          co_window_paths_c, co_window_sun, glass_columns_c, glass_columns_a,
          glass_columns_a, glass_columns_c, okawaru_gym_becter,
          uniq_prince_ribbit1, uniq_erica, uniq_erolcha, uniq_gastronok
Temple:   minmay_temple_bridge_a_8

Skill      XL: |  1  2  3  4  5  6  7  8  9 |
---------------+----------------------------+-----
Conjurations   | 2 3 4 5 6 8 10 | 10.0
Spellcasting   | 4 5 6 7 8 |  8.6
Fire Magic     | 4 5 6 8 9 |  9.5
Dodging        | |  2.4
Stealth        | |  2.4

Action                   |  1- 3 |  4- 6 |  7- 9 || total
-------------------------+-------+-------+-------++-------
Melee: Unarmed           |       |     1 |       ||     1
       Glaive            |       |       |     2 ||     2
 Cast: Flame Tongue      |    45 |    78 |   242 ||   365
       Throw Flame       |    42 |    61 |    89 ||   192
       Conjure Flame     |       |     3 |    19 ||    22
       Magic Dart        |       |       |    17 ||    17
       Blink             |       |       |     5 ||     5
  Use: Scroll            |       |     9 |     7 ||    16
       Potion            |       |       |     1 ||     1
  Eat: Chunk             |     4 |    10 |    17 ||    31
       Royal jelly       |       |       |     1 ||     1
Armor: Robe              |       |     6 |    24 ||    30
Dodge: Dodged            |     4 |    19 |    46 ||    69
